 Dungeon Crawl Stone Soup version 0.20-a0-1116-gaa52201 (webtiles) character file.

1143 dvd the Archer (level 8, -6/69 HPs)
             Began as a Minotaur Hunter on May 7, 2017.
             Was an Initiate of Okawaru.
             Mangled by an orc warrior
             ... wielding a +0 trident
              (15 damage)
             ... in a bailey.
             The game lasted 00:21:15 (5983 turns).

dvd the Archer (Minotaur Hunter)                    Turns: 5983, Time: 00:21:16

Health: -6/69      AC: 10    Str: 17 (18) XL:     8   Next: 15%
Magic:  7/7        EV: 11    Int:  6 (8)  God:    Okawaru [......]
Gold:   311        SH:  0    Dex:  9 (12) Spells: 7/7 levels left

rFire    . . .     SeeInvis +   a - +1 shortbow
rCold    . . .     Gourm    .   (shield currently unavailable)
rNeg     . . .     Faith    .   L - +0 ring mail {MR+}
rPois    +         Spirit   .   (helmet restricted)
rElec    .         Reflect  .   (no cloak)
rCorr    .         Harm     .   G - +2 pair of gloves
MR       +....     Clarity  +   q - +1 pair of boots
Stlth    +.........             (no amulet)
Regen    0.3/turn               P - ring of poison resistance
MPRegen  0.1/turn               N - ring of see invisible

@: no status effects
A: retaliatory headbutt, horns 2, yellow scales 1, blink, clarity, deformed body
a: Blink, Renounce Religion


You were in a bailey.
You worshipped Okawaru.
Okawaru was noncommittal.
You were not hungry.

You visited 2 branches of the dungeon, and saw 8 of its levels.
You also visited: Sewer and Bailey.

You collected 483 gold pieces.
You spent 172 gold pieces at shops.

Inventory:

Hand Weapons
 a - a +1 shortbow (weapon)
 b - a +0 war axe
Missiles
 y - a tomahawk (quivered)
Armour
 q - a +1 pair of boots (worn)
 G - a +2 pair of gloves (worn)
 L - a +0 ring mail of magic resistance (worn)
Jewellery
 m - an uncursed ring of magical power
 n - an uncursed ring of ice
 J - an uncursed ring of resist corrosion
 N - a ring of see invisible (right hand)
 P - a ring of poison resistance (left hand)
Wands
 s - a wand of lightning (6/15)
 A - a wand of flame (24/48)
 F - a wand of iceblast (6/15)
 I - a wand of lightning (11/15)
 M - a wand of lightning (6/15)
Scrolls
 c - a scroll of amnesia
 g - a scroll of enchant armour
 i - a scroll of blinking {unknown}
 j - a scroll of magic mapping
 x - a scroll of enchant weapon {unknown}
 z - a scroll of fear
 C - a scroll of teleportation
 K - 2 scrolls of recharging {unknown}
 O - a scroll of remove curse {unknown}
 Q - a scroll of noise {unknown}
Potions
 e - a potion of degeneration
 l - a potion of might {unknown}
 o - a potion of mutation
 r - 2 potions of heal wounds {unknown}
 u - 2 potions of haste
 v - a potion of cancellation {unknown}
 B - 2 potions of magic
 D - a potion of brilliance {unknown}
 E - 2 potions of curing {unknown}
 H - a potion of agility {unknown}
Comestibles
 f - 4 bread rations
 p - 3 meat rations
 w - 9 fruits


   Skills:
 + Level 5.4 Fighting
 + Level 4.0 Axes
 + Level 8.6 Bows
 + Level 4.0 Armour
 + Level 2.7 Dodging
 + Level 1.3 Stealth


You had 7 spell levels left.
You didn't know any spells.

Dungeon Overview and Level Annotations

Branches:
Dungeon (7/15)             Temple (1/1) D:5

Altars:
Ashenzari
Cheibriados
Dithmenos
Elyvilon
Fedhas
Gozag
Hepliaklqana
Kikubaaqudgha
Makhleb
Nemelex Xobeh
Okawaru
Qazlal
Ru
Sif Muna
Trog
Uskayaw
Vehumet
Wu Jian
Xom
Yredelemnul
Zin
The Shining One

Shops:
D:4 *


Innate Abilities, Weirdness & Mutations

You reflexively headbutt those who attack you in melee.
You have a pair of horns on your head.
You are partially covered in yellow scales. (AC +2)
You can translocate small distances at will.
You possess an exceptional clarity of mind.
Armour fits poorly on your strangely shaped body.


Message History

Aim: an orc warrior, wielding a trident and wearing a scale mail (almost dead)
You throw a tomahawk.
The tomahawk hits the orc warrior but does no damage.
The orc warrior is almost dead.
Throwing (i - inventory):
y - 3 tomahawks (quivered)
Press: ? - help, Shift-Dir - straight line, f/p - orc warrior
Aim: an orc warrior, wielding a trident and wearing a scale mail (almost dead)
You throw a tomahawk.
The tomahawk hits the orc warrior but does no damage.
The orc warrior is almost dead.
The orc warrior hits you from afar with a trident!
* * * LOW HITPOINT WARNING * * *
Unknown command.
Throwing (i - inventory):
y - 2 tomahawks (quivered)
Press: ? - help, Shift-Dir - straight line, f/p - orc warrior
Aim: an orc warrior, wielding a trident and wearing a scale mail (almost dead)
You throw a tomahawk. The tomahawk hits the orc warrior.
The orc warrior is almost dead.
The orc warrior hits you from afar with a trident!
You die...

########### ###
##.........## ####∩#
##..≈≈≈≈≈≈≈..#######..∩##
##..≈≈.(((.≈≈.@.##...####
###..≈≈.o###..≈..##.########
....≈≈..## ##(o.##.........#
≈≈≈≈≈..## #######≈≈≈≈≈≈≈.#
.....o## #####))≈.# #######
#####)≈.# .. $$.##(≈.# ...
##.(≈.# #.#+ ##.(≈≈.#


You could see an orc warrior.

Vanquished Creatures
  An ice beast (D:7)
  2 phantoms
  An ogre (D:4)
  3 scorpions
  A crimson imp (D:5)
  A centaur zombie (D:6)
  A jelly (D:6)
  An orc priest (D:4)
  A centaur skeleton (D:6)
  2 iguanas
  2 worker ants
  A killer bee zombie (D:7)
  2 hound skeletons (D:4)
  A worker ant zombie (D:6)
  7 gnolls
  11 adders
  3 river rats (Sewer)
  2 shadow imps
  5 worms
  A dart slug (D:2)
  3 leopard geckos
  20 orcs
  2 ball pythons (Sewer)
  9 giant cockroaches
  4 goblins
  5 hobgoblins
  3 jackals (D:5)
  A quokka (D:3)
  4 bats
  13 frilled lizards
  6 kobolds
  2 leopard gecko skeletons (D:5)
  15 rats
136 creatures vanquished.

Notes
Turn   | Place    | Note
-------+----------+-------------------------------------------
     0 | D:1      | dvd the Minotaur Hunter began the quest for the Orb.
     0 | D:1      | Reached XP level 1. HP: 18/18 MP: 0/0
   252 | D:1      | Reached XP level 2. HP: 25/25 MP: 1/1
   576 | D:2      | Reached skill level 5 in Bows
   749 | D:2      | Reached XP level 3. HP: 30/30 MP: 2/2
   991 | D:2      | Found a snail-covered altar of Cheibriados.
   999 | D:2      | Reached skill level 1 in Armour
  1001 | D:2      | Reached XP level 4. HP: 11/37 MP: 3/3
  1696 | D:3      | Reached skill level 6 in Bows
  2083 | D:3      | Reached skill level 1 in Axes
  2154 | D:4      | Noticed an ogre
  2171 | D:4      | Killed an ogre
  2171 | D:4      | Reached XP level 5. HP: 35/45 MP: 4/4
  2296 | D:4      | Found Siyrhuk's Assorted Antiques.
  2399 | D:4      | Reached XP level 6. HP: 30/51 MP: 5/5
  2434 | D:4      | Reached skill level 7 in Bows
  2575 | D:4      | Found a glowing drain.
  2617 | Sewer    | Entered a sewer
  2961 | Sewer    | Reached skill level 1 in Stealth
  3769 | D:5      | Entered Level 5 of the Dungeon
  3857 | D:4      | Bought a pair of glowing gloves for 172 gold pieces
  4074 | D:5      | Found a staircase to the Ecumenical Temple.
  4087 | D:5      | Reached XP level 7. HP: 38/59 MP: 6/6
  4116 | Temple   | Entered the Ecumenical Temple
  4121 | Temple   | Became a worshipper of Warmaster Okawaru
  5058 | D:6      | Reached skill level 8 in Bows
  5260 | D:6      | Reached skill level 5 in Fighting
  5422 | D:6      | Found a sparkling altar of Nemelex Xobeh.
  5542 | D:7      | Reached XP level 8. HP: 52/68 MP: 7/7
  5646 | D:7      | Found a flagged portal.
  5748 | Bailey   | Entered a bailey
  5879 | Bailey   | Noticed an orc knight
  5921 | Bailey   | Gained mutation: Armour fits poorly on your strangely shaped body. [potion of mutation]
  5921 | Bailey   | Gained mutation: You are partially covered in yellow scales. (AC +2) [potion of mutation]
  5921 | Bailey   | Gained mutation: You can translocate small distances at will. [potion of mutation]
  5921 | Bailey   | Gained mutation: You possess an exceptional clarity of mind. [potion of mutation]
  5983 | Bailey   | Mangled by an orc warrior

Vault maps used:
D:1:      lemuel_arrival_tunnels
D:2:      cheibriados_altar_1
D:4:      first_bread, serial_shops, nicolae_shop_stone,
          cheibrodos_sewer_entry_drain
D:5:      minmay_temple_entry_junction
D:6:      nemelex_altar_shiori
D:7:      serial_bayou, serial_bayou_pond_e, serial_bayou_lagoon_a,
          serial_bayou_pond_d, serial_bayou_pond_a, enter_bailey_2
Temple:   grunt_wide_crystal_templ
Sewer:    sewer_co_cracked_pipes
Bailey:   bailey_polearm_1, bailey

Skill      XL: |  1  2  3  4  5  6  7  8 |
---------------+-------------------------+-----
Bows           | 5 6 7 8 |  8.6
Armour         | 1 2 3 4 |  4.0
Fighting       | 3 4 5 |  5.4
Axes           | 1 2 3 4 |  4.0
Stealth        | 1 |  1.3
Dodging        | |  2.7

Action                   |  1- 3 |  4- 6 |  7- 9 || total
-------------------------+-------+-------+-------++-------
Melee: Short sword       |     4 |       |       ||     4
       Headbutt          |     4 |    11 |     7 ||    22
       Hand axe          |     9 |    80 |       ||    89
       Shortbow          |       |     3 |       ||     3
       War axe           |       |    13 |    62 ||    75
 Fire: Shortbow          |    50 |   119 |   109 ||   278
Throw: Tomahawk          |       |     3 |    13 ||    16
  Use: Scroll            |       |       |    11 ||    11
       Potion            |       |       |     5 ||     5
  Eat: Chunk             |       |    10 |     2 ||    12
       Royal jelly       |       |       |     2 ||     2
Armor: Leather armour    |     5 |     2 |       ||     7
       Scale mail        |       |    44 |    11 ||    55
       Ring mail         |       |       |    31 ||    31
Dodge: Dodged            |    16 |    60 |    56 ||   132
